2643 views
Uploaded 2019-12-01 21:19:54
Game version 1.32.0.2 / 1.32.0.2.1
24:49 long 3on3 ladder game on (8)Mur'gulOasis_LV
Saved by iggythefisk
2643 views
Uploaded 2019-12-01 21:19:54
Game version 1.32.0.2 / 1.32.0.2.1
24:49 long 3on3 ladder game on (8)Mur'gulOasis_LV


67 units @ 5.7k
/ 0.3k
209 buildings @ 14.4k
/ 8.1k



| Staff of Sanctuary | 3 | 750 |
| Orb of Fire | 1 | 325 |
| Boots of Speed | 3 | 750 |
| Staff of Teleportation | 3 | 450 |
| Orb of Lightning | 2 | 750 |
| Healing Salve | 1 | 100 |
| total: | 13 | 3125g |
| Peasant | 29 | 2175 | / | 0 |
| total: | 29 | 2175g | / | 0w |
| Scout Tower | 70 | 2100 | / | 1400 |
| Arcane Tower | 8 | 560 | / | 400 |
| Guard Tower | 27 | 1890 | / | 1350 |
| Altar of Kings | 1 | 180 | / | 50 |
| Farm | 3 | 240 | / | 60 |
| Lumber Mill | 1 | 120 | / | 0 |
| Arcane Vault | 3 | 390 | / | 90 |
| Town Hall | 2 | 770 | / | 410 |
| Arcane Sanctum | 1 | 150 | / | 140 |
| Keep | 1 | 320 | / | 210 |
| Castle | 1 | 360 | / | 210 |
| total: | 81 | 3950g | / | 2150w |
| 0:03 | Peasant |
| 0:05 | Altar of Kings |
| 0:08 | Peasant |
| 0:20 | Farm |
| 0:21 | Peasant |
| 0:35 | Lumber Mill |
| 0:36 | Peasant |
| 0:48 | Farm |
| 0:52 | Scout Tower |
| 0:55 | Peasant |
| 1:10 | Scout Tower |
| 1:16 | Peasant |
| 1:28 | Peasant |
| 1:32 | Arcane Tower |
| 1:41 | Peasant |
| 1:58 | Guard Tower |
| 2:01 | Scout Tower |
| 2:04 | Blizzard |
| 2:05 | Peasant |
| 2:05 | Peasant |
| 2:13 | Peasant |
| 2:27 | Scout Tower |
| 2:28 | Guard Tower |
| 2:45 | Improved Masonry |
| 2:49 | Peasant |
| 2:50 | Scout Tower |
| 3:03 | Peasant |
| 3:18 | Peasant |
| 3:20 | Guard Tower |
| 3:21 | Scout Tower |
| 3:49 | Guard Tower |
| 3:58 | Boots of Speed |
| 3:59 | Staff of Teleportation |
| 4:29 | Keep |
| 4:35 | Scout Tower |
| 4:35 | Scout Tower |
| 4:57 | Brilliance Aura |
| 5:15 | Scout Tower |
| 5:15 | Scout Tower |
| 5:21 | Scout Tower |
| 5:22 | Scout Tower |
| 5:28 | Farm |
| 5:39 | Guard Tower |
| 5:50 | Guard Tower |
| 6:17 | Arcane Tower |
| 6:58 | Blizzard |
| 7:11 | Advanced Masonry |
| 7:14 | Arcane Vault |
| 7:17 | Improved Lumber Harvesting |
| 7:31 | Town Hall |
| 7:36 | Scout Tower |
| 7:37 | Scout Tower |
| 7:38 | Scout Tower |
| 7:39 | Scout Tower |
| 7:40 | Scout Tower |
| 7:40 | Scout Tower |
| 7:45 | Arcane Vault |
| 7:47 | Scout Tower |
| 7:48 | Scout Tower |
| 7:49 | Scout Tower |
| 7:49 | Scout Tower |
| 8:28 | Storm Bolt |
| 8:32 | Peasant |
| 8:32 | Peasant |
| 8:33 | Peasant |
| 8:40 | Castle |
| 8:53 | Orb of Lightning |
| 8:54 | Healing Salve |
| 9:08 | Scout Tower |
| 9:08 | Scout Tower |
| 9:09 | Scout Tower |
| 9:09 | Scout Tower |
| 9:42 | Guard Tower |
| 10:27 | Guard Tower |
| 10:39 | Guard Tower |
| 11:07 | Guard Tower |
| 11:11 | Peasant |
| 11:12 | Peasant |
| 11:13 | Imbued Masonry |
| 11:21 | Staff of Sanctuary |
| 11:50 | Advanced Lumber Harvesting |
| 12:07 | Holy Light |
| 12:54 | Town Hall |
| 12:56 | Bash |
| 12:59 | Scout Tower |
| 13:00 | Scout Tower |
| 13:01 | Scout Tower |
| 13:01 | Scout Tower |
| 13:02 | Scout Tower |
| 13:02 | Scout Tower |
| 13:03 | Scout Tower |
| 13:03 | Scout Tower |
| 13:04 | Scout Tower |
| 13:04 | Scout Tower |
| 13:05 | Scout Tower |
| 13:05 | Scout Tower |
| 13:30 | Arcane Tower |
| 13:31 | Guard Tower |
| 13:42 | Guard Tower |
| 13:59 | Divine Shield |
| 14:10 | Guard Tower |
| 14:10 | Guard Tower |
| 14:11 | Guard Tower |
| 14:18 | Peasant |
| 14:18 | Peasant |
| 14:24 | Arcane Sanctum |
| 14:27 | Peasant |
| 14:27 | Peasant |
| 14:27 | Peasant |
| 14:33 | Guard Tower |
| 14:39 | Guard Tower |
| 14:49 | Scout Tower |
| 14:50 | Scout Tower |
| 14:50 | Scout Tower |
| 14:51 | Scout Tower |
| 15:00 | Brilliance Aura |
| 15:04 | Peasant |
| 15:22 | Guard Tower |
| 15:27 | Guard Tower |
| 15:30 | Scout Tower |
| 15:31 | Scout Tower |
| 16:01 | Scout Tower |
| 16:02 | Scout Tower |
| 16:07 | Scout Tower |
| 16:08 | Scout Tower |
| 16:11 | Guard Tower |
| 16:11 | Peasant |
| 16:11 | Peasant |
| 16:12 | Peasant |
| 16:12 | Peasant |
| 16:15 | Guard Tower |
| 16:17 | Scout Tower |
| 16:18 | Scout Tower |
| 16:19 | Scout Tower |
| 16:19 | Scout Tower |
| 16:20 | Scout Tower |
| 16:26 | Staff of Sanctuary |
| 16:43 | Arcane Tower |
| 16:49 | Arcane Tower |
| 16:52 | Orb of Lightning |
| 17:18 | Guard Tower |
| 17:45 | Holy Light |
| 17:55 | Magic Sentry |
| 17:56 | Arcane Tower |
| 17:57 | Guard Tower |
| 18:03 | Storm Bolt |
| 18:11 | Boots of Speed |
| 18:11 | Staff of Teleportation |
| 18:43 | Boots of Speed |
| 18:51 | Guard Tower |
| 18:52 | Scout Tower |
| 18:54 | Scout Tower |
| 19:28 | Orb of Fire |
| 19:38 | Scout Tower |
| 19:39 | Scout Tower |
| 19:39 | Scout Tower |
| 19:40 | Scout Tower |
| 19:40 | Scout Tower |
| 19:41 | Scout Tower |
| 19:49 | Arcane Tower |
| 19:49 | Guard Tower |
| 20:32 | Staff of Teleportation |
| 20:59 | Arcane Tower |
| 21:01 | Guard Tower |
| 21:26 | Arcane Vault |
| 22:30 | Staff of Sanctuary |
| 24:03 | Scout Tower |
| 24:03 | Scout Tower |
| 24:05 | Scout Tower |
| 24:08 | Scout Tower |
| 24:08 | Scout Tower |
| 24:09 | Scout Tower |
| 24:10 | Scout Tower |
| 24:10 | Scout Tower |
| 24:11 | Scout Tower |
| 24:13 | Guard Tower |
| Right click | 1363 |
| Select group | 872 |
| Select | 287 |
| Assign group | 272 |
| Build/train/purchase | 115 |
| Use ability | 98 |
| Misc. action | 39 |
| Chat | 14 |
| Item give/drop | 8 |
| Remove unit | 4 |
| Minimap ping | 2 |



| Staff of Sanctuary | 3 | 750 |
| Boots of Speed | 3 | 750 |
| Staff of Teleportation | 3 | 450 |
| Healing Salve | 1 | 100 |
| Orb of Lightning | 3 | 1125 |
| total: | 13 | 3175g |
| Peasant | 17 | 1275 | / | 0 |
| total: | 17 | 1275g | / | 0w |
| Scout Tower | 61 | 1830 | / | 1220 |
| Arcane Tower | 4 | 280 | / | 200 |
| Guard Tower | 54 | 3780 | / | 2700 |
| Altar of Kings | 1 | 180 | / | 50 |
| Farm | 6 | 480 | / | 120 |
| Lumber Mill | 1 | 120 | / | 0 |
| Arcane Vault | 2 | 260 | / | 60 |
| Blacksmith | 1 | 140 | / | 60 |
| Barracks | 1 | 160 | / | 60 |
| Town Hall | 1 | 385 | / | 205 |
| Arcane Sanctum | 1 | 150 | / | 140 |
| Gryphon Aviary | 1 | 140 | / | 150 |
| Keep | 1 | 320 | / | 210 |
| Castle | 1 | 360 | / | 210 |
| total: | 76 | 3845g | / | 2065w |
| 0:01 | Peasant |
| 0:02 | Peasant |
| 0:10 | Altar of Kings |
| 0:19 | Farm |
| 0:26 | Peasant |
| 0:46 | Peasant |
| 0:48 | Lumber Mill |
| 0:53 | Peasant |
| 0:55 | Farm |
| 0:59 | Peasant |
| 1:19 | Arcane Vault |
| 1:21 | Arcane Vault |
| 1:23 | Peasant |
| 1:33 | Scout Tower |
| 1:42 | Peasant |
| 1:44 | Scout Tower |
| 1:55 | Peasant |
| 2:04 | Arcane Tower |
| 2:08 | Scout Tower |
| 2:09 | Scout Tower |
| 2:16 | Peasant |
| 2:23 | Peasant |
| 2:26 | Blizzard |
| 2:56 | Guard Tower |
| 2:57 | Scout Tower |
| 2:59 | Guard Tower |
| 3:00 | Scout Tower |
| 3:00 | Peasant |
| 3:27 | Peasant |
| 3:38 | Guard Tower |
| 3:47 | Keep |
| 3:52 | Guard Tower |
| 4:04 | Improved Masonry |
| 4:06 | Brilliance Aura |
| 4:55 | Healing Salve |
| 5:03 | Farm |
| 5:07 | Farm |
| 5:27 | Scout Tower |
| 5:27 | Scout Tower |
| 5:29 | Scout Tower |
| 5:29 | Scout Tower |
| 5:30 | Scout Tower |
| 5:30 | Scout Tower |
| 5:31 | Scout Tower |
| 5:32 | Scout Tower |
| 5:34 | Boots of Speed |
| 6:01 | Guard Tower |
| 6:32 | Guard Tower |
| 6:32 | Castle |
| 6:36 | Farm |
| 6:37 | Farm |
| 6:45 | Arcane Sanctum |
| 6:51 | Guard Tower |
| 7:09 | Storm Bolt |
| 8:10 | Boots of Speed |
| 8:10 | Staff of Teleportation |
| 8:20 | Guard Tower |
| 8:43 | Orb of Lightning |
| 8:43 | Orb of Lightning |
| 8:50 | Guard Tower |
| 8:51 | Scout Tower |
| 9:09 | Scout Tower |
| 10:14 | Staff of Sanctuary |
| 10:19 | Bash |
| 10:21 | Holy Light |
| 10:50 | Guard Tower |
| 10:51 | Guard Tower |
| 10:53 | Scout Tower |
| 10:53 | Scout Tower |
| 10:53 | Scout Tower |
| 10:54 | Scout Tower |
| 10:54 | Scout Tower |
| 10:54 | Scout Tower |
| 11:14 | Advanced Masonry |
| 11:14 | Improved Lumber Harvesting |
| 11:46 | Guard Tower |
| 11:46 | Guard Tower |
| 11:48 | Scout Tower |
| 11:48 | Scout Tower |
| 11:50 | Scout Tower |
| 11:50 | Scout Tower |
| 11:50 | Scout Tower |
| 11:51 | Scout Tower |
| 11:51 | Scout Tower |
| 12:05 | Magic Sentry |
| 13:04 | Blizzard |
| 13:09 | Guard Tower |
| 13:11 | Gryphon Aviary |
| 13:12 | Blacksmith |
| 13:14 | Barracks |
| 14:01 | Divine Shield |
| 14:08 | Guard Tower |
| 14:09 | Arcane Tower |
| 14:53 | Storm Bolt |
| 15:25 | Arcane Tower |
| 15:25 | Guard Tower |
| 15:26 | Guard Tower |
| 16:04 | Guard Tower |
| 16:06 | Scout Tower |
| 16:07 | Scout Tower |
| 16:08 | Scout Tower |
| 16:08 | Scout Tower |
| 16:24 | Boots of Speed |
| 16:24 | Staff of Teleportation |
| 16:31 | Staff of Sanctuary |
| 16:42 | Orb of Lightning |
| 16:52 | Guard Tower |
| 17:16 | Holy Light |
| 17:43 | Animal War Training |
| 17:50 | Iron Forged Swords |
| 17:50 | Studded Leather Armor |
| 17:52 | Cloud |
| 17:52 | Storm Hammers |
| 17:55 | Guard Tower |
| 17:56 | Guard Tower |
| 18:06 | Brilliance Aura |
| 18:29 | Staff of Teleportation |
| 18:38 | Scout Tower |
| 18:38 | Scout Tower |
| 18:39 | Scout Tower |
| 18:39 | Scout Tower |
| 18:40 | Scout Tower |
| 18:40 | Scout Tower |
| 18:41 | Scout Tower |
| 18:41 | Scout Tower |
| 18:42 | Scout Tower |
| 18:42 | Scout Tower |
| 18:43 | Scout Tower |
| 18:43 | Scout Tower |
| 18:46 | Town Hall |
| 19:00 | Imbued Masonry |
| 19:00 | Advanced Lumber Harvesting |
| 19:40 | Guard Tower |
| 19:40 | Guard Tower |
| 19:42 | Guard Tower |
| 19:47 | Guard Tower |
| 19:48 | Guard Tower |
| 20:55 | Guard Tower |
| 20:58 | Scout Tower |
| 20:59 | Scout Tower |
| 20:59 | Scout Tower |
| 21:00 | Scout Tower |
| 21:00 | Scout Tower |
| 21:01 | Scout Tower |
| 21:01 | Scout Tower |
| 21:01 | Scout Tower |
| 21:03 | Scout Tower |
| 21:03 | Scout Tower |
| 21:03 | Scout Tower |
| 21:04 | Scout Tower |
| 21:05 | Scout Tower |
| 21:05 | Scout Tower |
| 21:06 | Scout Tower |
| 21:06 | Scout Tower |
| 21:14 | Peasant |
| 21:14 | Peasant |
| 21:14 | Peasant |
| 21:15 | Peasant |
| 22:19 | Guard Tower |
| 22:27 | Staff of Sanctuary |
| 22:47 | Guard Tower |
| 23:17 | Guard Tower |
| 23:17 | Guard Tower |
| 23:18 | Guard Tower |
| 23:18 | Guard Tower |
| 23:40 | Guard Tower |
| 23:40 | Guard Tower |
| 23:41 | Guard Tower |
| 23:43 | Guard Tower |
| 23:44 | Arcane Tower |
| 24:11 | Bash |
| Right click | 1737 |
| Select | 544 |
| Select group | 294 |
| Chat | 156 |
| Build/train/purchase | 139 |
| Use ability | 91 |
| Resource trade | 19 |
| Assign group | 12 |
| Minimap ping | 6 |
| Item give/drop | 3 |
| Misc. action | 2 |
TIMG4STRok
(24:45) : 

| Healing Salve | 4 | 400 |
| Lesser Clarity Potion | 3 | 210 |
| Orb of Lightning | 2 | 750 |
| Staff of Teleportation | 2 | 300 |
| Boots of Speed | 2 | 500 |
| Staff of Sanctuary | 2 | 500 |
| total: | 15 | 2660g |
| Peon | 13 | 975 | / | 0 |
| Troll Batrider | 8 | 1280 | / | 320 |
| total: | 21 | 2255g | / | 320w |
| Watch Tower | 39 | 4290 | / | 3120 |
| Altar of Storms | 1 | 180 | / | 50 |
| Orc Burrow | 4 | 640 | / | 160 |
| War Mill | 2 | 410 | / | 0 |
| Voodoo Lounge | 3 | 390 | / | 90 |
| Great Hall | 1 | 385 | / | 185 |
| Beastiary | 2 | 290 | / | 280 |
| Stronghold | 2 | 630 | / | 380 |
| Fortress | 1 | 325 | / | 190 |
| total: | 52 | 6585g | / | 3885w |
| 0:04 | Peon |
| 0:04 | Peon |
| 0:10 | Altar of Storms |
| 0:12 | Peon |
| 0:24 | Orc Burrow |
| 0:31 | Peon |
| 0:38 | Peon |
| 0:52 | Peon |
| 0:59 | War Mill |
| 1:09 | Voodoo Lounge |
| 1:16 | Peon |
| 1:32 | Peon |
| 1:38 | Peon |
| 2:12 | Wind Walk |
| 2:13 | Watch Tower |
| 2:16 | Healing Salve |
| 2:17 | Lesser Clarity Potion |
| 2:17 | Lesser Clarity Potion |
| 2:21 | Watch Tower |
| 2:26 | Peon |
| 2:44 | Peon |
| 3:00 | Stronghold |
| 3:20 | Watch Tower |
| 3:50 | Watch Tower |
| 3:50 | Watch Tower |
| 4:25 | Watch Tower |
| 4:27 | Staff of Teleportation |
| 4:27 | Boots of Speed |
| 4:40 | Orc Burrow |
| 4:57 | Voodoo Lounge |
| 5:20 | Critical Strike |
| 5:24 | Fortress |
| 5:39 | Watch Tower |
| 5:42 | Spiked Barricades |
| 5:58 | Beastiary |
| 6:56 | Watch Tower |
| 6:59 | Beastiary |
| 7:09 | Troll Batrider |
| 7:11 | Orc Burrow |
| 7:14 | Watch Tower |
| 7:14 | Watch Tower |
| 7:42 | Voodoo Lounge |
| 7:56 | Wind Walk |
| 8:08 | Watch Tower |
| 8:15 | Healing Salve |
| 8:15 | Orb of Lightning |
| 8:31 | Liquid Fire |
| 8:51 | Reinforced Defenses |
| 8:53 | Peon |
| 8:53 | Peon |
| 9:21 | Watch Tower |
| 9:25 | Troll Batrider |
| 9:26 | Troll Batrider |
| 9:56 | Troll Batrider |
| 10:35 | Lesser Clarity Potion |
| 10:38 | Healing Salve |
| 10:45 | Troll Batrider |
| 10:48 | Steel Ranged Weapons |
| 10:53 | Orc Burrow |
| 10:59 | Watch Tower |
| 11:49 | Troll Batrider |
| 12:05 | Watch Tower |
| 12:06 | Watch Tower |
| 12:50 | Troll Batrider |
| 12:51 | Troll Batrider |
| 13:11 | Watch Tower |
| 13:11 | Watch Tower |
| 14:00 | Critical Strike |
| 14:12 | Thorium Ranged Weapons |
| 15:16 | Steel Armor |
| 16:11 | Watch Tower |
| 16:12 | Watch Tower |
| 16:12 | Watch Tower |
| 16:13 | Watch Tower |
| 16:23 | Breath of Fire |
| 16:42 | Boots of Speed |
| 16:45 | Orb of Lightning |
| 17:09 | Healing Salve |
| 17:16 | Watch Tower |
| 18:15 | Watch Tower |
| 18:15 | Watch Tower |
| 18:16 | Watch Tower |
| 18:18 | Watch Tower |
| 18:18 | Watch Tower |
| 18:21 | Watch Tower |
| 18:21 | Watch Tower |
| 18:57 | War Mill |
| 19:12 | Staff of Teleportation |
| 19:16 | Staff of Sanctuary |
| 19:42 | Staff of Sanctuary |
| 20:27 | Great Hall |
| 20:39 | Critical Strike |
| 20:54 | Drunken Brawler |
| 20:59 | Watch Tower |
| 21:00 | Watch Tower |
| 21:01 | Watch Tower |
| 22:12 | Watch Tower |
| 22:50 | Watch Tower |
| 23:27 | Watch Tower |
| 23:27 | Watch Tower |
| 24:19 | Watch Tower |
| 24:19 | Watch Tower |
| 24:38 | Watch Tower |
| Right click | 1338 |
| Select group | 906 |
| Select | 190 |
| Build/train/purchase | 102 |
| Chat | 40 |
| Use ability | 33 |
| Minimap ping | 23 |
| Misc. action | 18 |
| Assign group | 15 |
| Item give/drop | 15 |
| Resource trade | 9 |
| Esc | 3 |
110 units @ 16.1k
/ 1.6k
70 buildings @ 8.3k
/ 2.9k


| Scroll of Town Portal | 2 | 700 |
| total: | 2 | 700g |
| Acolyte | 7 | 525 | / | 0 |
| Ghoul | 2 | 240 | / | 0 |
| Crypt Fiend | 12 | 2580 | / | 480 |
| Gargoyle | 13 | 2275 | / | 390 |
| total: | 34 | 5620g | / | 870w |
| Spirit Tower | 1 | 145 | / | 40 |
| Nerubian Tower | 1 | 100 | / | 20 |
| Crypt | 2 | 400 | / | 100 |
| Altar of Darkness | 1 | 180 | / | 50 |
| Graveyard | 2 | 430 | / | 0 |
| Ziggurat | 11 | 1650 | / | 550 |
| Tomb of Relics | 1 | 130 | / | 30 |
| Halls of the Dead | 1 | 320 | / | 210 |
| total: | 17 | 2790g | / | 730w |
| 0:04 | Crypt |
| 0:07 | Acolyte |
| 0:10 | Altar of Darkness |
| 0:33 | Graveyard |
| 0:36 | Graveyard |
| 0:45 | Acolyte |
| 1:04 | Ziggurat |
| 1:15 | Ghoul |
| 1:43 | Tomb of Relics |
| 1:59 | Crypt Fiend |
| 2:08 | Ziggurat |
| 2:32 | Crypt Fiend |
| 2:54 | Death Coil |
| 3:00 | Crypt Fiend |
| 3:15 | Creature Attack |
| 3:27 | Crypt Fiend |
| 3:53 | Ziggurat |
| 4:14 | Crypt Fiend |
| 4:53 | Crypt Fiend |
| 5:08 | Halls of the Dead |
| 5:19 | Unholy Aura |
| 5:29 | Crypt Fiend |
| 5:52 | Ziggurat |
| 6:05 | Crypt Fiend |
| 6:18 | Death Coil |
| 6:31 | Crypt Fiend |
| 6:35 | Ziggurat |
| 7:05 | Crypt Fiend |
| 7:19 | Creature Carapace |
| 7:21 | Ghoul |
| 7:58 | Unholy Aura |
| 8:10 | Crypt Fiend |
| 8:39 | Acolyte |
| 8:39 | Acolyte |
| 8:39 | Acolyte |
| 8:39 | Acolyte |
| 8:40 | Acolyte |
| 8:46 | Web |
| 10:04 | Crypt Fiend |
| 10:07 | Frost Nova |
| 11:14 | Ziggurat |
| 11:14 | Ziggurat |
| 11:20 | Ziggurat |
| 11:20 | Ziggurat |
| 11:43 | Spirit Tower |
| 11:45 | Nerubian Tower |
| 12:11 | Crypt |
| 12:19 | Scroll of Town Portal |
| 12:47 | Improved Creature Carapace |
| 12:53 | Ziggurat |
| 13:21 | Death Coil |
| 13:40 | Gargoyle |
| 13:40 | Gargoyle |
| 13:44 | Frost Armor |
| 14:08 | Ziggurat |
| 14:10 | Gargoyle |
| 14:23 | Improved Creature Attack |
| 14:43 | Gargoyle |
| 15:16 | Gargoyle |
| 15:39 | Gargoyle |
| 16:09 | Gargoyle |
| 18:31 | Gargoyle |
| 18:32 | Gargoyle |
| 18:32 | Gargoyle |
| 18:55 | Frost Nova |
| 19:38 | Gargoyle |
| 20:40 | Scroll of Town Portal |
| 21:24 | Gargoyle |
| 23:58 | Gargoyle |
| Select group | 1089 |
| Right click | 894 |
| Chat | 188 |
| Select | 121 |
| Build/train/purchase | 61 |
| Use ability | 38 |
| Assign group | 26 |
| Minimap ping | 18 |
| Item give/drop | 1 |


| Potion of Healing | 2 | 300 |
| Scroll of Town Portal | 1 | 350 |
| Boots of Speed | 1 | 250 |
| Circlet of Nobility | 1 | 175 |
| Periapt of Vitality | 1 | 325 |
| total: | 6 | 1400g |
| Peon | 23 | 1725 | / | 0 |
| Grunt | 15 | 3000 | / | 0 |
| Troll Headhunter | 2 | 280 | / | 40 |
| Makrura Deepseer | 1 | 500 | / | 100 |
| total: | 41 | 5505g | / | 140w |
| Watch Tower | 5 | 550 | / | 400 |
| Altar of Storms | 1 | 180 | / | 50 |
| Barracks | 1 | 180 | / | 50 |
| Orc Burrow | 4 | 640 | / | 160 |
| War Mill | 2 | 410 | / | 0 |
| Voodoo Lounge | 1 | 130 | / | 30 |
| Great Hall | 1 | 385 | / | 185 |
| Stronghold | 1 | 315 | / | 190 |
| Fortress | 1 | 325 | / | 190 |
| total: | 15 | 2475g | / | 875w |
| 0:12 | Altar of Storms |
| 0:25 | Barracks |
| 0:28 | Peon |
| 0:29 | Peon |
| 0:29 | Peon |
| 0:29 | Peon |
| 0:29 | Peon |
| 1:05 | Orc Burrow |
| 1:41 | War Mill |
| 2:00 | Grunt |
| 2:01 | Grunt |
| 2:01 | Grunt |
| 2:01 | Grunt |
| 2:30 | Orc Burrow |
| 2:39 | Grunt |
| 2:49 | Peon |
| 2:54 | Endurance Aura |
| 3:02 | Steel Melee Weapons |
| 3:24 | Troll Headhunter |
| 3:34 | Peon |
| 4:35 | Boots of Speed |
| 4:36 | Circlet of Nobility |
| 5:11 | Periapt of Vitality |
| 5:22 | War Stomp |
| 6:36 | Stronghold |
| 6:46 | Watch Tower |
| 6:57 | Voodoo Lounge |
| 7:01 | Grunt |
| 7:03 | Troll Headhunter |
| 7:03 | Grunt |
| 7:04 | Grunt |
| 7:58 | Endurance Aura |
| 8:31 | Steel Armor |
| 8:32 | Spiked Barricades |
| 9:42 | Great Hall |
| 11:38 | Berserker Strength |
| 12:08 | Orc Burrow |
| 12:13 | Watch Tower |
| 12:36 | Peon |
| 12:36 | Peon |
| 12:37 | Peon |
| 12:37 | Peon |
| 12:37 | Peon |
| 12:37 | Peon |
| 12:37 | Peon |
| 12:37 | Peon |
| 12:37 | Peon |
| 12:48 | Grunt |
| 12:48 | Grunt |
| 12:48 | Grunt |
| 12:48 | Grunt |
| 12:48 | Grunt |
| 12:48 | Grunt |
| 12:48 | Grunt |
| 13:51 | Potion of Healing |
| 13:54 | Potion of Healing |
| 14:04 | Healing Wave |
| 14:21 | War Mill |
| 14:27 | Orc Burrow |
| 14:34 | Watch Tower |
| 14:55 | Scroll of Town Portal |
| 18:02 | Watch Tower |
| 18:06 | Reinforced Defenses |
| 18:07 | Steel Ranged Weapons |
| 18:08 | Thorium Melee Weapons |
| 18:09 | Thorium Armor |
| 18:13 | Pillage |
| 18:13 | Backpack |
| 18:29 | Peon |
| 18:29 | Peon |
| 18:30 | Peon |
| 18:30 | Peon |
| 18:30 | Peon |
| 18:30 | Peon |
| 18:30 | Peon |
| 18:43 | Troll Regeneration |
| 18:51 | Watch Tower |
| 20:30 | Makrura Deepseer |
| 20:49 | Thorium Ranged Weapons |
| 21:09 | Fortress |
| 21:15 | Improved Spiked Barricades |
| Right click | 978 |
| Select | 231 |
| Build/train/purchase | 100 |
| Use ability | 8 |
| Item give/drop | 3 |
| Minimap ping | 2 |


| Peasant | 12 | 900 | / | 0 |
| Footman | 10 | 1350 | / | 0 |
| Rifleman | 4 | 820 | / | 120 |
| Dragonhawk Rider | 2 | 400 | / | 60 |
| Priest | 1 | 135 | / | 10 |
| Gryphon Rider | 3 | 840 | / | 210 |
| Siege Engine | 2 | 390 | / | 120 |
| Mortar Team | 1 | 180 | / | 70 |
| total: | 35 | 5015g | / | 590w |
| Scout Tower | 13 | 390 | / | 260 |
| Guard Tower | 5 | 350 | / | 250 |
| Arcane Tower | 4 | 280 | / | 200 |
| Altar of Kings | 1 | 180 | / | 50 |
| Farm | 16 | 1280 | / | 320 |
| Barracks | 2 | 320 | / | 120 |
| Lumber Mill | 1 | 120 | / | 0 |
| Blacksmith | 1 | 140 | / | 60 |
| Arcane Vault | 1 | 130 | / | 30 |
| Gryphon Aviary | 1 | 140 | / | 150 |
| Arcane Sanctum | 1 | 150 | / | 140 |
| Workshop | 1 | 140 | / | 140 |
| Keep | 1 | 320 | / | 210 |
| Castle | 1 | 360 | / | 210 |
| total: | 38 | 2990g | / | 1270w |
| 0:07 | Altar of Kings |
| 0:10 | Peasant |
| 0:12 | Peasant |
| 0:27 | Farm |
| 0:40 | Peasant |
| 0:45 | Barracks |
| 0:57 | Peasant |
| 1:07 | Farm |
| 1:13 | Peasant |
| 1:50 | Lumber Mill |
| 1:57 | Blacksmith |
| 1:59 | Footman |
| 2:00 | Footman |
| 2:12 | Peasant |
| 2:22 | Footman |
| 2:31 | Farm |
| 2:38 | Summon Water Elemental |
| 3:03 | Peasant |
| 3:11 | Footman |
| 3:13 | Footman |
| 3:55 | Rifleman |
| 4:07 | Black Gunpowder |
| 4:12 | Barracks |
| 4:44 | Rifleman |
| 4:52 | Peasant |
| 5:14 | Scout Tower |
| 5:21 | Farm |
| 5:23 | Peasant |
| 5:29 | Iron Plating |
| 5:44 | Farm |
| 5:51 | Scout Tower |
| 6:04 | Farm |
| 6:11 | Keep |
| 6:22 | Iron Forged Swords |
| 6:29 | Arcane Vault |
| 6:38 | Defend |
| 6:40 | Footman |
| 6:41 | Footman |
| 6:41 | Footman |
| 6:50 | Farm |
| 7:35 | Guard Tower |
| 7:37 | Guard Tower |
| 7:44 | Rifleman |
| 7:46 | Rifleman |
| 7:53 | Scout Tower |
| 8:32 | Scout Tower |
| 8:35 | Scout Tower |
| 9:09 | Peasant |
| 9:56 | Farm |
| 10:06 | Gryphon Aviary |
| 10:16 | Steel Forged Swords |
| 10:26 | Guard Tower |
| 10:28 | Guard Tower |
| 10:31 | Improved Lumber Harvesting |
| 10:41 | Farm |
| 10:48 | Storm Bolt |
| 10:55 | Footman |
| 10:58 | Footman |
| 11:01 | Guard Tower |
| 11:17 | Backpack |
| 11:22 | Peasant |
| 11:35 | Arcane Sanctum |
| 12:17 | Workshop |
| 12:32 | Farm |
| 12:59 | Scout Tower |
| 13:00 | Scout Tower |
| 13:04 | Magic Sentry |
| 13:06 | Priest Adept Training |
| 13:10 | Dragonhawk Rider |
| 13:11 | Dragonhawk Rider |
| 13:22 | Farm |
| 13:38 | Castle |
| 13:49 | Arcane Tower |
| 13:56 | Improved Masonry |
| 14:09 | Scout Tower |
| 14:12 | Scout Tower |
| 14:16 | Arcane Tower |
| 14:26 | Farm |
| 14:27 | Farm |
| 15:02 | Studded Leather Armor |
| 15:12 | Arcane Tower |
| 15:15 | Arcane Tower |
| 15:25 | Advanced Masonry |
| 15:36 | Priest |
| 16:30 | Gryphon Rider |
| 17:25 | Siege Engine |
| 17:27 | Siege Engine |
| 17:57 | Priest Master Training |
| 18:04 | Refined Gunpowder |
| 18:12 | Imbued Masonry |
| 19:18 | Gryphon Rider |
| 20:02 | Peasant |
| 20:09 | Farm |
| 20:10 | Farm |
| 20:16 | Gryphon Rider |
| 20:32 | Mortar Team |
| 20:44 | Scout Tower |
| 20:46 | Scout Tower |
| 20:48 | Scout Tower |
| 20:50 | Scout Tower |
| 21:24 | Farm |
| Right click | 340 |
| Select | 214 |
| Build/train/purchase | 71 |
| Use ability | 4 |
| Remove unit | 1 |
| Minimap ping | 1 |